 Dungeon Crawl Stone Soup version 0.28-a0-97-g102d6777a4 (webtiles) character file.

Game seed: 5210147127069496482

63 IndexError the Covert (level 4, -2/41 HPs)
             Began as a Gnoll Delver on Aug 9, 2021.
             Slain by a human zombie (6 damage)
             ... on level 3 of the Dungeon.
             The game lasted 00:02:47 (598 turns).

IndexError the Covert (Gnoll Delver)                 Turns: 598, Time: 00:02:47

Health: -2/41      AC:  3    Str: 12    XL:     4   Next: 10%
Magic:  5/5        EV: 13    Int: 10    God:
Gold:   21         SH:  0    Dex: 13    Spells: 5/5 levels left

rFire   . . .      SeeInvis .   a - +0 falchion
rCold   . . .      Faith    .   (no shield)
rNeg    . . .      Spirit   .   b - +0 leather armour
rPois   .          Reflect  .   (no helmet)
rElec   .          Harm     .   (no cloak)
rCorr   .          Rampage  .   (no gloves)
Will    .....                   (no boots)
Stlth   ++++......              (no amulet)
HPRegen 0.13/turn               (no ring)
MPRegen 0.09/turn               (no ring)

@: no status effects
A: fangs 1, strong nose, distributed training
a: no special abilities


You were on level 3 of the Dungeon.
You visited 1 branch of the dungeon, and saw 3 of its levels.

You collected 21 gold pieces.

Inventory:

Hand Weapons
 a - a +0 falchion (weapon)
Missiles
 j - a throwing net {=f, !d}
 k - a javelin (quivered)
 l - a poisoned dart
Armour
 b - a +0 leather armour (worn)
 e - a +0 cloak
   (You found it on level 4 of the Dungeon)
Wands
 g - a wand of digging (2)
Scrolls
 c - a scroll of fog
 d - 2 scrolls of magic mapping {!r}
 h - a scroll of teleportation {unknown}
 i - a scroll of amnesia {unknown}
Potions
 f - 2 potions of haste
 m - a potion of experience {unknown}


   Skills:
 + Level 6.6 Fighting
 + Level 1.0 Short Blades
 + Level 4.6 Long Blades
 + Level 1.0 Axes
 + Level 1.0 Maces & Flails
 + Level 1.0 Polearms
 + Level 1.0 Staves
 + Level 1.0 Slings
 + Level 1.0 Bows
 + Level 1.0 Crossbows
 + Level 1.0 Throwing
 + Level 1.0 Armour
 + Level 4.6 Dodging
 + Level 9.6 Stealth
 + Level 1.0 Shields
 + Level 1.0 Unarmed Combat
 + Level 1.0 Spellcasting
 + Level 0.8 Conjurations
 + Level 0.8 Hexes
 + Level 0.8 Summonings
 + Level 0.8 Necromancy
 + Level 0.8 Translocations
 + Level 0.8 Transmutations
 + Level 0.8 Fire Magic
 + Level 0.8 Ice Magic
 + Level 0.8 Air Magic
 + Level 0.8 Earth Magic
 + Level 0.8 Poison Magic
 + Level 1.1 Invocations
 + Level 1.0 Evocations


You had 5 spell levels left.
You didn't know any spells.
Your spell library contained the following spells:

 Spells                   Type           Power      Damage    Failure   Level
 Magic Dart               Conj           8%         1d3       30%         1
 Call Imp                 Summ           2%         N/A       43%         2
 Mephitic Cloud           Conj/Pois/Air  2%         N/A       67%         3


Dungeon Overview and Level Annotations

Branches:
Dungeon (5/15)
 Temple: D:4-7

Altars:
Yredelemnul

Shops:
D:4 (

Annotations:
D:3 1 runed translucent door
D:5 Edmund


Innate Abilities, Weirdness & Mutations

You have very sharp teeth.
Your uncanny sense of smell can sniff out nearby items.
Your experience applies equally to all skills.


Message History

Things that are here:
an arrow; a bolt You see here a bolt.
You see here a javelin.
k - a javelin You see here a bolt.
You see here a poisoned dart.
l - a poisoned dart
Found a stone staircase leading up.
Found a stone staircase leading down.
There is an entrance to Kapoasm's Firing Range here.
An adder comes into view.
There is a stone staircase leading up here.
You climb upwards.
There is a stone staircase leading down here.
m - a ruby potion A kobold comes into view.
It is wielding a +0 dagger.
The kobold shouts!
You hit the kobold.
No target in view!
No target in view!
Things that are here:
a +0 dagger; a kobold corpse You open the door.
There is an open door here.
f - 2 potions of haste (gained 1)
You now have 21 gold pieces (gained 10).
You open the door.
There is an open door here.
You open the door.
Found a stone staircase leading down.
There is an open door here.
There is a stone staircase leading down here.
There is an open door here.
There is an open door here.
A jackal zombie comes into view.
You sense Yredelemnul urging you to kill the trapped human.
A kobold zombie comes into view. 2 zombies come into view.
The helpless kobold zombie fails to defend itself.
You hit the kobold zombie. You barely miss the kobold zombie.
You bite the kobold zombie. The kobold zombie barely misses you.
You hit the kobold zombie. The kobold zombie misses you.
You hit the kobold zombie.
Found a basalt altar of Yredelemnul.
The helpless jackal zombie fails to defend itself.
You slash the jackal zombie! You hit the kobold zombie.
You bite the kobold zombie.
An endoplasm comes into view.
The human zombie hits you.
You take 5 damage, and have 36/41 hp.
You hit the human zombie. The human zombie hits you.
You take 4 damage, and have 32/41 hp.
You hit the human zombie. The human zombie closely misses you.
You hit the human zombie. The human zombie hits you.
You take 2 damage, and have 30/41 hp.
You hit the human zombie but do no damage.
Your bite misses the human zombie. The human zombie closely misses you.
You hit the human zombie. You hit the human zombie. The human zombie hits you.
You take 6 damage, and have 25/41 hp.
You hit the human zombie. The human zombie closely misses you.
You closely miss the human zombie. Your bite misses the human zombie.
The endoplasm hits you but does no damage.
The human zombie closely misses you.
You barely miss the human zombie. The endoplasm barely misses you.
The human zombie hits you.
You take 4 damage, and have 21/41 hp.
You slash the human zombie!
You bite the human zombie, but do no damage.
The endoplasm barely misses you. The human zombie barely misses you.
You completely miss the human zombie. The endoplasm freezes you.
You are frozen.
The human zombie hits you.
You take 3 damage, and have 18/41 hp.
You hit the human zombie. The endoplasm freezes you.
You are frozen.
You take 1 damage, and have 17/41 hp.
You hit the human zombie but do no damage.
The endoplasm hits you but does no damage.
The human zombie hits you but does no damage.
The endoplasm freezes you.
You are frozen.
You take 1 damage, and have 16/41 hp.
You closely miss the human zombie. The human zombie hits you.
* * * LOW HITPOINT WARNING * * *
The endoplasm hits you.
* * * LOW HITPOINT WARNING * * *
You take 7 damage, and have 9/41 hp.
You hit the human zombie but do no damage.
The human zombie hits you.
* * * LOW HITPOINT WARNING * * *
The endoplasm freezes you.
You are frozen.
* * * LOW HITPOINT WARNING * * *
You take 5 damage, and have 4/41 hp.
You hit the human zombie. The human zombie hits you.
You die...

#......# #.#
#................
##...).# #.#
#################
#.##### #.# ####
##.##### #.# ...#
.......# #.# ._.#
###.##.# #.#
####...# . ..# #.#
#..#####... ∆ #.#
#.# #...Z...... ..
###.###..@#+#.)..
#..#........J#p#....
..#.........###...?
#.#................
#..................
#...........#######
#...........#
#...#+#####.# #.#.
.#


You could see a human zombie, an endoplasm and a neutral human (wandering).

Vanquished Creatures
  A hound (D:5)
  A howler monkey skeleton (D:5)
  An adder (D:4)
  4 orcs (D:5)
  3 training dummies (D:4)
  A jackal zombie (D:3)
  A kobold (D:3)
  2 kobold zombies (D:3)
14 creatures vanquished.

Notes
Turn   | Place    | Note
-------+----------+-------------------------------------------
     0 | D:5      | Reached skill level 9 in Stealth
     0 | D:5      | IndexError the Gnoll Delver began the quest for the Orb.
     0 | D:5      | Reached XP level 1. HP: 23/23 MP: 1/1
    25 | D:5      | Noticed an ogre
    50 | D:5      | Noticed a hound
    65 | D:5      | Killed a hound
    66 | D:5      | Reached XP level 2. HP: 26/29 MP: 2/2
    66 | D:5      | Reached XP level 3. HP: 31/35 MP: 3/3
   208 | D:5      | Noticed Edmund
   211 | D:5      | Reached skill level 1 in Invocations
   285 | D:4      | Reached skill level 1 in Short Blades
   285 | D:4      | Reached skill level 1 in Axes
   285 | D:4      | Reached skill level 1 in Maces & Flails
   285 | D:4      | Reached skill level 1 in Polearms
   285 | D:4      | Reached skill level 1 in Staves
   285 | D:4      | Reached skill level 1 in Slings
   285 | D:4      | Reached skill level 1 in Bows
   285 | D:4      | Reached skill level 1 in Crossbows
   285 | D:4      | Reached skill level 1 in Throwing
   285 | D:4      | Reached skill level 1 in Armour
   285 | D:4      | Reached skill level 1 in Shields
   285 | D:4      | Reached skill level 1 in Unarmed Combat
   285 | D:4      | Reached skill level 1 in Spellcasting
   285 | D:4      | Reached skill level 1 in Evocations
   389 | D:4      | Found Kapoasm's Firing Range.
   393 | D:4      | Reached XP level 4. HP: 41/41 MP: 5/5
   570 | D:3      | Found a runed translucent door.
   570 | D:3      | Noticed a human
   578 | D:3      | Found a basalt altar of Yredelemnul.
   596 | D:3      | HP: 9/41 [endoplasm (3)]
   597 | D:3      | HP: 4/41 [frozen (1)]
   598 | D:3      | Slain by a human zombie

Illustrated notes

Levels and vault maps discovered:
D:3:      layout_basic, fedhas_altar_fruit_tree, dk_yredelemnul_ordeal
D:4:      minmay_polygon_palace, layout_basic, enter_ossuary_5,
          nicolae_shop_firing_range
D:5:      layout_layer_cave, hangedman_decor_clover_reticule,
          minmay_curled_crystal, uniq_edmund, uniq_duvessa, uniq_pikel

Skill      XL: |  1  2  3 |
---------------+----------+-----
Stealth        | |  9.6
Invocations    | 1 |  1.1
Short Blades   | 1 |  1.0
Axes           | 1 |  1.0
Maces & Flails | 1 |  1.0
Polearms       | 1 |  1.0
Staves         | 1 |  1.0
Slings         | 1 |  1.0
Bows           | 1 |  1.0
Crossbows      | 1 |  1.0
Throwing       | 1 |  1.0
Armour         | 1 |  1.0
Shields        | 1 |  1.0
Unarmed Combat | 1 |  1.0
Spellcasting   | 1 |  1.0
Evocations     | 1 |  1.0
Fighting       | |  6.6
Long Blades    | |  4.6
Dodging        | |  4.6
Conjurations   | |  0.8
Hexes          | |  0.8
Summonings     | |  0.8
Necromancy     | |  0.8
Translocations | |  0.8
Transmutations | |  0.8
Fire Magic     | |  0.8
Ice Magic      | |  0.8
Air Magic      | |  0.8
Earth Magic    | |  0.8
Poison Magic   | |  0.8

Action                   |  1- 3 |  4- 6 || total
-------------------------+-------+-------++-------
Melee: Falchion          |    33 |    28 ||    61
       Bite              |     2 |     3 ||     5
Evoke: Wand              |     1 |       ||     1
  Use: Scroll            |     1 |       ||     1
 Stab: Sleeping          |     1 |     2 ||     3
Armor: Leather armour    |     6 |     3 ||     9
Dodge: Dodged            |    13 |     9 ||    22
       Rpst.: Falchion   |     3 |       ||     3

Table legend: (Time is in decaauts)
 A = Elapsed time spent in this place.
 B = Non-inter-level travel time spent in this place.
 C = Inter-level travel time spent in this place.
 D = Time resting spent in this place.
 E = Time spent auto-exploring this place.
 F = Levels seen in this place.
 G = Mean time per level.
                   A        B        C        D        E       F      G
               +--------+--------+--------+--------+--------+-----+--------+
         Total |    602 |    602 |      0 |    118 |    238 |   3 |  200.7 |
       Dungeon |    602 |    602 |      0 |    118 |    238 |   3 |  200.7 |
               +--------+--------+--------+--------+--------+-----+--------+

Top non-repeatable levels by time:
     D:5: 229 daAuts
     D:4: 201 daAuts
     D:3: 171 daAuts

Table legend:
 A = Kills in this place as a percentage of kills in entire the game.
 B = Kills by you in this place as a percentage of kills by you in the entire game.
 C = Kills by friends in this place as a percentage of kills by friends in the entire game.
 D = Other kills in this place as a percentage of other kills in the entire game.
 E = Experience gained in this place as a percentage of experience gained in the entire game.
 F = Experience gained in this place divided by the number of levels of this place that you have seen.
                   A       B       C       D       E      F
               +-------+-------+-------+-------+-------+----------------------
         Total | 100.0 | 100.0 |   N/A |   N/A | 100.0 |  30.3
       Dungeon | 100.0 | 100.0 |   N/A |   N/A | 100.0 |  30.3
               +-------+-------+-------+-------+-------+----------------------
